 Dungeon Crawl Stone Soup version 0.18-a0-1577-gf591c28 (webtiles) character file.

7 angel3174 the Insei (level 2, 21/21 HPs)
             Began as a Merfolk Transmuter on Mar 17, 2016.
             Got out of the dungeon alive.
             The game lasted 00:03:03 (400 turns).

angel3174 the Insei (Merfolk Transmuter)             Turns: 400, Time: 00:03:03

Health: 21/21      AC:  2    Str: 10    XL:     2   Next: 0%
Magic:  3/5        EV: 13    Int: 12    God:
Gold:   4          SH:  0    Dex: 14    Spells: 1 memorised, 4 levels left

rFire  . . .     SeeInvis .       - Unarmed
rCold  . . .     Gourm    .     b - +0 robe
rNeg   . . .     Faith    .     (no shield)
rPois  .         Spirit   .     (no helmet)
rElec  .         Dismiss  .     (no cloak)
rCorr  .         Reflect  .     (no gloves)
SustAt .         Harm     .     (no boots)
MR     .....                    (no amulet)
Stlth  +.........               (no ring)
                                (no ring)

@: appendage (expiring), not resistant to hostile enchantments, very unstealthy
A: change form in water, swift swim, horns 2
a: End Transformation


You escaped.
You were not hungry.
You had grown temporary horns.
You visited 1 branch of the dungeon, and saw 1 of its levels.

You collected 4 gold pieces.

Inventory:

Missiles
 a - 20 arrows
 h - 15 arrows of dispersal
 i - 4 poisoned tomahawks (quivered)
Armour
 b - a +0 robe (worn)
Scrolls
 g - a scroll of teleportation {unknown}
Potions
 e - a potion of agility {unknown}
 f - a potion of invisibility {unknown}
Books
 c - a book of Changes

   Spells                             Type                      Level
   a - Beastly Appendage              Transmutation                1
   b - Sticks to Snakes               Transmutation                2
   c - Spider Form                    Transmutation/Poison         3
   d - Ice Form                       Ice/Transmutation            4
   e - Blade Hands                    Transmutation                5
Comestibles
 d - a bread ration


   Skills:
 * Level 1.2 Fighting
 * Level 3.1 Dodging
 - Level 3.2 Unarmed Combat
 * Level 2.1 Spellcasting
 * Level 2.9 Transmutations


You had 4 spell levels left.
You knew the following spells:

 Your Spells              Type           Power        Failure   Level  Hunger
a - Beastly Appendage     Trmt           #.....       12%         1    ##.....


Dungeon Overview and Level Annotations

Branches:
Dungeon (1/15)

Altars:


Innate Abilities, Weirdness & Mutations

You revert to your normal form in water.
You are very nimble and swift while swimming.
You have a pair of horns on your head.


Message History

You destroy the bush!
You hit the bush but do no damage. You hit the bush but do no damage.
You hit the bush.
The bush is lightly damaged.
Casting: Beastly Appendage
Confirm with . or Enter, or press ? or * to list all spells.
You grow a pair of large bovine horns.
Casting: Beastly Appendage
Confirm with . or Enter, or press ? or * to list all spells.
You extend your transformation's duration.
Casting: Beastly Appendage
Confirm with . or Enter, or press ? or * to list all spells.
You extend your transformation's duration.
Your transformation is almost over.
There is an open door here.
There is an open door here.
There is a staircase leading out of the dungeon here.
Are you sure you want to leave the Dungeon?
This will make you lose the game!
You have escaped!

#.#....>...# #.#.##.....#
##.#.##.....#.#
.....##.......# .#
.#.####..################.#
.#.#............ .........#
.#.#.###....... ........#
.#.#.# #..#########PPPP...#
##.#.###..#....#@.#...P...#
...#......#....#..#...P...#
#..####...#....#..#.♣.P...#
#..# #...#....#'##...P...#
#..# #...#....#..#.......#
...####...###'##..'.......#
##.#......#.......#......##
#)#.##.#(##'###'##...P..#
##)#......#..#....#.♣.P..#


There were no monsters in sight!

Vanquished Creatures
  A dart slug (D:1)
  A giant gecko (D:1)
  A goblin (D:1)
  A rat (D:1)
  A bush (D:1)
5 creatures vanquished.

Notes
Turn   | Place    | Note
--------------------------------------------------------------
     0 | D:1      | angel3174 the Merfolk Transmuter began the quest for the Orb.
     0 | D:1      | Reached XP level 1. HP: 15/15 MP: 3/3
   133 | D:1      | Reached XP level 2. HP: 18/21 MP: 3/5
   400 | D:$      | Got out of the dungeon alive.

Vault maps used:
D:1:      evilmike_arrival_home_sweet_home

Skill      XL: |  1 |
---------------+----+-----
Dodging        | 3 |  3.1
Fighting       | |  1.2
Unarmed Combat | |  3.2
Spellcasting   | |  2.1
Transmutations | |  2.9

Action                   || total
-------------------------++-------
Melee: Unarmed           ||   222
 Cast: Beastly Appendage ||     9
